| TOP OF THE 1ST |
|
Philadelphia Phillies batting - Pitching for Los Angeles Dodgers : RHP Jeremy Stock
|
|
Pitching: RHP Jeremy Stock
|
|
|
Batting: LHB Nick Canizales
|
0-0: Called Strike 0-1: Called Strike 0-2: Ball 1-2: Foul Ball, location: 2F 1-2: Strikes out looking
|
|
Batting: LHB Osamu Kubo
|
0-0: Fly out, F8 (Flyball, 8LD, EV 98.1 MPH)
|
|
Batting: SHB Lance Franklin
|
0-0: Ball 1-0: Ball 2-0: Ball 3-0: Base on Balls
|
|
Batting: LHB Brad Turner
|
0-0: Ball 1-0: Ball 2-0: Called Strike 2-1: Swinging Strike 2-2: Foul Ball, location: 2F 2-2: Strikes out swinging
|
| Top of the 1st over - 0 runs, 0 hits, 0 errors, 1 left on base; Philadelphia 0 - Los Angeles 0 |
| BOTTOM OF THE 1ST |
|
Los Angeles Dodgers batting - Pitching for Philadelphia Phillies : RHP Sean Hill
|
|
Pitching: RHP Sean Hill
|
|
|
Batting: RHB Tim Nettles
|
0-0: Ball 1-0: Ball 2-0: Called Strike 2-1: Swinging Strike 2-2: Ball 3-2: Base on Balls
|
|
Batting: SHB Joel Baker
|
0-0: Foul Ball, location: 2F 0-1: Sac Bunt to 15 - play at first, batter OUT! 1-3 Tim Nettles to second
|
|
Batting: LHB Lirak Bazhunaishvili
|
0-0: Ground out 5-3 (Groundball, 56S, EV 63.8 MPH) Tim Nettles to third
|
|
Batting: RHB Clay Buchanan
|
0-0: Ball 1-0: Foul Ball, location: 2F 1-1: Swinging Strike 1-2: Ball 2-2: Ground out 5-3 (Groundball, 56S, EV 69.4 MPH)
|
| Bottom of the 1st over - 0 runs, 0 hits, 0 errors, 1 left on base; Philadelphia 0 - Los Angeles 0 |
| TOP OF THE 2ND |
|
Philadelphia Phillies batting - Pitching for Los Angeles Dodgers : RHP Jeremy Stock
|
|
Batting: LHB Mike Davis
|
0-0: Ball 1-0: Ball 2-0: Foul Ball, location: 2F 2-1: Ground out 6-3 (Groundball, 6, EV 101.9 MPH)
|
|
Batting: RHB Josh Hensley
|
0-0: Called Strike 0-1: Ball 1-1: Ground out 6-3 (Groundball, 6, EV 82.5 MPH)
|
|
Batting: LHB Ryan Trombley
|
0-0: Called Strike 0-1: Ball 1-1: Ball 2-1: Swinging Strike 2-2: Strikes out swinging
|
| Top of the 2nd over - 0 runs, 0 hits, 0 errors, 0 left on base; Philadelphia 0 - Los Angeles 0 |
| BOTTOM OF THE 2ND |
|
Los Angeles Dodgers batting - Pitching for Philadelphia Phillies : RHP Sean Hill
|
|
Batting: SHB Shane Marcum
|
0-0: Ground out U3 (Groundball, 34S, EV 82.5 MPH)
|
|
Batting: RHB Danny Dyer
|
0-0: Ball 1-0: Foul Ball, location: 2F 1-1: Ball 2-1: Foul Ball, location: 2F 2-2: Strikes out looking
|
|
Batting: RHB Wing-kit Bu
|
0-0: Ball 1-0: Ball 2-0: Called Strike 2-1: Ground out 6-3 (Groundball, 6, EV 88.8 MPH)
|
| Bottom of the 2nd over - 0 runs, 0 hits, 0 errors, 0 left on base; Philadelphia 0 - Los Angeles 0 |
| TOP OF THE 3RD |
|
Philadelphia Phillies batting - Pitching for Los Angeles Dodgers : RHP Jeremy Stock
|
|
Batting: LHB Cody Schumacher
|
0-0: Fly out, F8 (Line Drive, 8LD, EV 93.1 MPH)
|
|
Batting: SHB Phuck II
|
0-0: Foul Ball, location: 2F 0-1: Swinging Strike 0-2: Ball 1-2: Ground out 4-3 (Groundball, 4, EV 80.6 MPH)
|
|
Batting: LHB Nick Canizales
|
0-0: SOLO HOME RUN (Flyball, 9LD, EV 95.0 MPH), Distance : 346 ft
|
|
Batting: LHB Osamu Kubo
|
0-0: Called Strike 0-1: Foul Ball, location: 2F 0-2: Ball 1-2: Ground out 6-3 (Groundball, P, EV 85.0 MPH)
|
| Top of the 3rd over - 1 run, 1 hit, 0 errors, 0 left on base; Philadelphia 1 - Los Angeles 0 |
| BOTTOM OF THE 3RD |
|
Los Angeles Dodgers batting - Pitching for Philadelphia Phillies : RHP Sean Hill
|
|
Batting: RHB Leonardo Nava
|
0-0: Swinging Strike 0-1: Ball 1-1: Ground out 4-3 (Groundball, 4, EV 82.5 MPH)
|
|
Batting: RHB Rodolfo Rivera
|
0-0: Ball 1-0: Foul Ball, location: 2F 1-1: Ball 2-1: Ball 3-1: Ground out 5-3 (Groundball, 56, EV 78.8 MPH)
|
|
Batting: RHB Tim Nettles
|
0-0: Foul Ball, location: 2F 0-1: Swinging Strike 0-2: Ball 1-2: Strikes out swinging
|
| Bottom of the 3rd over - 0 runs, 0 hits, 0 errors, 0 left on base; Philadelphia 1 - Los Angeles 0 |
| TOP OF THE 4TH |
|
Philadelphia Phillies batting - Pitching for Los Angeles Dodgers : RHP Jeremy Stock
|
|
Batting: SHB Lance Franklin
|
0-0: Ball 1-0: Called Strike 1-1: Swinging Strike 1-2: Ball 2-2: Ball 3-2: Foul Ball, location: 2F 3-2: SINGLE (Groundball, 6MD, EV 94.4 MPH)
|
|
Batting: LHB Brad Turner
|
0-0: Ball 1-0: Foul Ball, location: 2F 1-1: Foul Ball, location: 2F 1-2: Strikes out looking
|
|
Batting: LHB Mike Davis
|
0-0: Ball 1-0: Called Strike 1-1: Swinging Strike 1-2: Ball 2-2: Ball 3-2: Foul Ball, location: 2F 3-2: Base on Balls Lance Franklin to second
|
|
Batting: RHB Josh Hensley
|
0-0: Called Strike 0-1: Foul Ball, location: 2F 0-2: Ball 1-2: Ball 2-2: Fly out, F9 (Flyball, 9LSF, EV 97.5 MPH)
|
|
Batting: LHB Ryan Trombley
|
0-0: Ground out 6-3 (Groundball, 56, EV 98.8 MPH)
|
| Top of the 4th over - 0 runs, 1 hit, 0 errors, 2 left on base; Philadelphia 1 - Los Angeles 0 |
| BOTTOM OF THE 4TH |
|
Los Angeles Dodgers batting - Pitching for Philadelphia Phillies : RHP Sean Hill
|
|
Batting: SHB Joel Baker
|
0-0: Fly out, F7 (Flyball, 78XD, EV 107.5 MPH)
|
|
Batting: LHB Lirak Bazhunaishvili
|
0-0: Ball 1-0: Ball 2-0: Ball 3-0: Ground out 6-3 (Groundball, 6M, EV 98.1 MPH)
|
|
Batting: RHB Clay Buchanan
|
0-0: Foul Ball, location: 2F 0-1: Fly out, F2 (Popup, 2RF, EV 88.8 MPH)
|
| Bottom of the 4th over - 0 runs, 0 hits, 0 errors, 0 left on base; Philadelphia 1 - Los Angeles 0 |
| TOP OF THE 5TH |
|
Philadelphia Phillies batting - Pitching for Los Angeles Dodgers : RHP Jeremy Stock
|
|
Batting: LHB Cody Schumacher
|
0-0: Ball 1-0: Ball 2-0: Ball 3-0: Called Strike 3-1: Base on Balls
|
|
Batting: SHB Phuck II
|
0-0: Called Strike 0-1: Called Strike 0-2: Fly out, F7 (Flyball, 7S, EV 88.1 MPH)
|
|
Batting: LHB Nick Canizales
|
0-0: Fielders Choice at 2nd, 6-4 (Groundball, 6M, EV 84.4 MPH)
|
|
Batting: LHB Osamu Kubo
|
0-0: TRIPLE (Line Drive, 78XD, EV 101.2 MPH) Nick Canizales scores
|
|
Batting: SHB Lance Franklin
|
0-0: Called Strike 0-1: Ball 1-1: Foul Ball, location: 2F 1-2: Foul Ball, location: 2F 1-2: Ball 2-2: Foul Ball, location: 2F 2-2: Fly out, F7 (Line Drive, 7, EV 101.9 MPH)
|
| Top of the 5th over - 1 run, 1 hit, 0 errors, 1 left on base; Philadelphia 2 - Los Angeles 0 |
| BOTTOM OF THE 5TH |
|
Los Angeles Dodgers batting - Pitching for Philadelphia Phillies : RHP Sean Hill
|
|
Batting: SHB Shane Marcum
|
0-0: Swinging Strike 0-1: Ball 1-1: Swinging Strike 1-2: Ball 2-2: Ball 3-2: Foul Ball, location: 2F 3-2: Strikes out swinging
|
|
Batting: RHB Danny Dyer
|
0-0: Ball 1-0: Called Strike 1-1: Foul Ball, location: 2F 1-2: Ball 2-2: Fly out, F8 (Flyball, 8RXD, EV 83.8 MPH)
|
|
Batting: RHB Wing-kit Bu
|
0-0: Ball 1-0: Fly out, F9 (Flyball, 89D, EV 98.1 MPH)
|
| Bottom of the 5th over - 0 runs, 0 hits, 0 errors, 0 left on base; Philadelphia 2 - Los Angeles 0 |
| TOP OF THE 6TH |
|
Philadelphia Phillies batting - Pitching for Los Angeles Dodgers : RHP Jeremy Stock
|
|
Batting: LHB Brad Turner
|
0-0: Ball 1-0: Ball 2-0: Ball 3-0: Called Strike 3-1: Base on Balls
|
|
Batting: LHB Mike Davis
|
0-0: Called Strike 0-1: Ball 1-1: Ground out 3-1 (Groundball, 34S, EV 63.8 MPH) Brad Turner to second
|
|
Batting: RHB Josh Hensley
|
0-0: Ball 1-0: Ball 2-0: Ball 3-0: Called Strike 3-1: Reached via error on a dropped throw from 1B, E1 (Groundball, 34, EV 91.2 MPH) Brad Turner to third
|
|
Pitching: RHP Craig Fallon
|
|
|
Batting: LHB Ryan Trombley
|
0-0: Called Strike 0-1: Foul Ball, location: 2F 0-2: Foul Ball, location: 2F 0-2: Fly out, F8 (Flyball, 8LM, EV 84.4 MPH) Runner from 3rd tags up, OUT at HOME! 8-2
|
| Top of the 6th over - 0 runs, 0 hits, 1 error, 1 left on base; Philadelphia 2 - Los Angeles 0 |
| BOTTOM OF THE 6TH |
|
Los Angeles Dodgers batting - Pitching for Philadelphia Phillies : RHP Sean Hill
|
|
Batting: RHB Leonardo Nava
|
0-0: Ball 1-0: Called Strike 1-1: Ball 2-1: Foul Ball, location: 2F 2-2: Strikes out swinging
|
|
Batting: RHB Rodolfo Rivera
|
0-0: Called Strike 0-1: SINGLE (Flyball, 7LS, EV 91.2 MPH)
|
|
Batting: RHB Tim Nettles
|
0-0: Ball 1-0: Fly out, F8 (Flyball, 89M, EV 76.2 MPH)
|
|
Batting: SHB Joel Baker
|
0-0: Ball 1-0: Called Strike 1-1: Ball 2-1: Ground out U3 (Groundball, 3L, EV 91.9 MPH)
|
| Bottom of the 6th over - 0 runs, 1 hit, 0 errors, 1 left on base; Philadelphia 2 - Los Angeles 0 |
| TOP OF THE 7TH |
|
Philadelphia Phillies batting - Pitching for Los Angeles Dodgers : RHP Craig Fallon
|
|
Batting: LHB Cody Schumacher
|
0-0: Ball 1-0: Swinging Strike 1-1: Ball 2-1: Ground out 4-3 (Groundball, 34, EV 105.0 MPH)
|
|
Batting: SHB Phuck II
|
0-0: Foul Ball, location: 2F 0-1: Ball 1-1: Swinging Strike 1-2: TRIPLE (Line Drive, 9LD, EV 106.2 MPH)
|
|
Batting: LHB Nick Canizales
|
0-0: Ground out 5-3 (Groundball, 15, EV 86.9 MPH)
|
|
Batting: LHB Osamu Kubo
|
0-0: Called Strike 0-1: Swinging Strike 0-2: Foul Ball, location: 2F 0-2: Ball 1-2: Strikes out swinging
|
| Top of the 7th over - 0 runs, 1 hit, 0 errors, 1 left on base; Philadelphia 2 - Los Angeles 0 |
| BOTTOM OF THE 7TH |
|
Los Angeles Dodgers batting - Pitching for Philadelphia Phillies : RHP Sean Hill
|
|
Batting: LHB Lirak Bazhunaishvili
|
0-0: Ball 1-0: SOLO HOME RUN (Flyball, 7D, EV 93.1 MPH), Distance : 363 ft
|
|
Batting: RHB Clay Buchanan
|
0-0: Ball 1-0: Ball 2-0: Called Strike 2-1: Called Strike 2-2: Ball 3-2: SINGLE (Groundball, 4MD, EV 93.8 MPH)
|
|
Batting: SHB Shane Marcum
|
0-0: Swinging Strike 0-1: Ball 1-1: Fly out, F9 (Line Drive, 9S, EV 88.8 MPH)
|
|
Pinch Hitting: LHB Chris Buchan
|
0-0: Called Strike 0-1: Ball 1-1: Swinging Strike 1-2: Ball 2-2: Foul Ball, location: 2F 2-2: Ball 3-2: Strikes out swinging Clay Buchanan is caught stealing 2nd base 2-6 Batter strikes out.
|
| Bottom of the 7th over - 1 run, 2 hits, 0 errors, 0 left on base; Philadelphia 2 - Los Angeles 1 |
| TOP OF THE 8TH |
|
Philadelphia Phillies batting - Pitching for Los Angeles Dodgers : RHP Craig Fallon
|
|
Pitching: LHP Gavin White
|
|
|
Now at 1B: Chris Buchan
|
|
|
Batting: SHB Lance Franklin
|
0-0: Ball 1-0: Called Strike 1-1: Ball 2-1: Foul Ball, location: 2F 2-2: Strikes out swinging
|
|
Batting: LHB Brad Turner
|
0-0: Ball 1-0: Ground out 6-3 (Groundball, 6, EV 85.6 MPH)
|
|
Batting: RHB Mike Hanks
|
0-0: Called Strike 0-1: Ball 1-1: Foul Ball, location: 2F 1-2: Ball 2-2: Ball 3-2: Base on Balls
|
|
Batting: RHB Josh Hensley
|
0-0: Ball 1-0: Called Strike 1-1: Ball 2-1: Called Strike 2-2: Fielders Choice at 2nd, 5-4 (Groundball, 56, EV 77.5 MPH)
|
| Top of the 8th over - 0 runs, 0 hits, 0 errors, 1 left on base; Philadelphia 2 - Los Angeles 1 |
| BOTTOM OF THE 8TH |
|
Los Angeles Dodgers batting - Pitching for Philadelphia Phillies : RHP Sean Hill
|
|
Batting: RHB Wing-kit Bu
|
0-0: Ground out 6-3 (Groundball, 6, EV 91.9 MPH)
|
|
Batting: RHB Leonardo Nava
|
0-0: Ball 1-0: Ball 2-0: Foul Ball, location: 2F 2-1: Ball 3-1: Foul Ball, location: 2F 3-2: TRIPLE (Flyball, 78XD, EV 94.4 MPH)
|
|
Pitching: RHP Josh Cornishen
|
|
|
Batting: RHB Rodolfo Rivera
|
0-0: Ball 1-0: Ball 2-0: Called Strike 2-1: Ground out 5-3 (Groundball, 56S, EV 79.4 MPH)
|
|
Batting: RHB Tim Nettles
|
0-0: SINGLE (Groundball, 4MD, EV 101.9 MPH) Leonardo Nava scores
|
|
Batting: SHB Joel Baker
|
0-0: Ball 1-0: Foul Ball, location: 2F 1-1: Fly out, F8 (Flyball, 8RXD, EV 110.6 MPH)
|
| Bottom of the 8th over - 1 run, 2 hits, 0 errors, 1 left on base; Philadelphia 2 - Los Angeles 2 |
| TOP OF THE 9TH |
|
Philadelphia Phillies batting - Pitching for Los Angeles Dodgers : LHP Gavin White
|
|
Pitching: RHP Geoff Mooney
|
|
|
Batting: LHB Ryan Trombley
|
0-0: Foul Ball, location: 2F 0-1: Ball 1-1: Foul Ball, location: 2F 1-2: Foul Ball, location: 2F 1-2: Foul Ball, location: 2F 1-2: Foul Ball, location: 2F 1-2: SINGLE (Line Drive, 8RS, EV 109.4 MPH)
|
|
Batting: LHB Cody Schumacher
|
0-0: Ball 1-0: Ball 2-0: Ball 3-0: Called Strike 3-1: Called Strike 3-2: Base on Balls Ryan Trombley to second
|
|
Batting: SHB Phuck II
|
0-0: Called Strike 0-1: Ball 1-1: Swinging Strike 1-2: Strikes out swinging
|
|
Batting: LHB Nick Canizales
|
0-0: Called Strike 0-1: Swinging Strike 0-2: Foul Ball, location: 2F 0-2: Strikes out swinging
|
|
Batting: LHB Osamu Kubo
|
0-0: Foul Ball, location: 2F 0-1: Swinging Strike 0-2: Strikes out swinging
|
| Top of the 9th over - 0 runs, 1 hit, 0 errors, 2 left on base; Philadelphia 2 - Los Angeles 2 |
| BOTTOM OF THE 9TH |
|
Los Angeles Dodgers batting - Pitching for Philadelphia Phillies : RHP Josh Cornishen
|
|
Batting: LHB Lirak Bazhunaishvili
|
0-0: Ball 1-0: Called Strike 1-1: Ground out 4-3 (Groundball, 4, EV 77.5 MPH)
|
|
Batting: RHB Clay Buchanan
|
0-0: Called Strike 0-1: Fly out, F7 (Line Drive, 7S, EV 100.0 MPH)
|
|
Batting: SHB Shane Marcum
|
0-0: Swinging Strike 0-1: SINGLE (Line Drive, 8LS, EV 92.5 MPH)
|
|
Batting: LHB Chris Buchan
|
0-0: Called Strike 0-1: Ground out 4-3 (Groundball, 34, EV 85.6 MPH)
|
| Bottom of the 9th over - 0 runs, 1 hit, 0 errors, 1 left on base; Philadelphia 2 - Los Angeles 2 |
| TOP OF THE 10TH |
|
Philadelphia Phillies batting - Pitching for Los Angeles Dodgers : RHP Geoff Mooney
|
|
Batting: SHB Lance Franklin
|
0-0: Swinging Strike 0-1: Foul Ball, location: 2F 0-2: Strikes out swinging
|
|
Batting: LHB Brad Turner
|
0-0: Ball 1-0: Foul Ball, location: 2F 1-1: Ball 2-1: Ball 3-1: Foul Ball, location: 2F 3-2: Foul Ball, location: 2F 3-2: Strikes out swinging
|
|
Batting: LHB Jim Beaver
|
0-0: Ball 1-0: Ball 2-0: Called Strike 2-1: SOLO HOME RUN (Flyball, 89XD, EV 98.1 MPH), Distance : 393 ft
|
|
Pitching: RHP Santiago Montero
|
|
|
Batting: RHB Josh Hensley
|
0-0: Ball 1-0: Foul Ball, location: 2F 1-1: Swinging Strike 1-2: Ball 2-2: Fly out, F7 (Flyball, 7, EV 92.5 MPH)
|
| Top of the 10th over - 1 run, 1 hit, 0 errors, 0 left on base; Philadelphia 3 - Los Angeles 2 |
| BOTTOM OF THE 10TH |
|
Los Angeles Dodgers batting - Pitching for Philadelphia Phillies : RHP Josh Cornishen
|
|
Batting: RHB Wing-kit Bu
|
0-0: Ground out 4-3 (Groundball, 4, EV 76.9 MPH)
|
|
Batting: RHB Leonardo Nava
|
0-0: Ball 1-0: Foul Ball, location: 2F 1-1: Foul Ball, location: 2F 1-2: Ball 2-2: Strikes out looking
|
|
Batting: RHB Rodolfo Rivera
|
0-0: Ball 1-0: Called Strike 1-1: Ball 2-1: Called Strike 2-2: Ball 3-2: Strikes out swinging
|
| Bottom of the 10th over - 0 runs, 0 hits, 0 errors, 0 left on base; Philadelphia 3 - Los Angeles 2 |
|